 Dungeon Crawl Stone Soup version 0.31-a0-836-g3ceb0a68c4 (webtiles) character file.

Game seed: 2735010428333188415

46 Kurtz the Chopper (level 3, 26/26 HPs)
             Began as an Octopode Fighter on Sept 27, 2023.
             Was an Initiate of Ashenzari.
             Quit the game on level 2 of the Dungeon.
             The game lasted 00:00:37 (1511 turns).

Kurtz the Chopper (Octopode Fighter)                Turns: 1511, Time: 00:00:38

Health: 26/26      AC:  1    Str: 17    XL:     3   Next: 66%
Magic:  3/3        EV: 13    Int: 10    God:    Ashenzari [......]
Gold:   82         SH:  4    Dex: 11    Spells: 2/2 levels left

rFire   . . .        a - +0 war axe
rCold   . . .        b - +0 buckler
rNeg    . . .        (helmet restricted)
rPois   .            (no amulet)
rElec   .            (no ring)
rCorr   .            (no ring)
SInv    .            (no ring)
Will    .....        (no ring)
Stlth   ++           (no ring)
HPRegen 0.24/turn    (no ring)
MPRegen 0.08/turn    (no ring)
                     (no ring)

%: no passive effects
@: no status effects
A: almost no armour, amphibious, 8 rings, camouflage 1, gelatinous body 1,
(nimble swimmer 1), tentacles
a: Renounce Religion


You were on level 2 of the Dungeon.
You worshipped Ashenzari.
Ashenzari was noncommittal.
You visited 1 branch of the dungeon, and saw 2 of its levels.

You collected 82 gold pieces.

Inventory:

Hand Weapons
 a - a +0 war axe (weapon)
Armour
 b - a +0 buckler (worn)
Scrolls
 d - 2 scrolls of identify {unknown}
 e - a scroll of immolation {unknown}
 f - a scroll of amnesia {unknown}
 g - a scroll of silence {unknown}
 h - a scroll of enchant armour {unknown}
 i - a scroll of teleportation {unknown}
 j - a scroll of blinking {unknown}
Potions
 c - 2 potions of might
 k - 2 potions of haste {unknown}


   Skills:
 - Level 3.0 Fighting
 * Level 3.9 Axes
 - Level 3.0 Dodging
 - Level 3.0 Shields


You had 2 spell levels left.
You didn't know any spells.
Your spell library contained the following spells:

 Spells                   Type           Power      Damage    Failure   Level
 Summon Small Mammal      Summ           0%         N/A       43%         1
 Poisonous Vapours        Pois/Air       0%         N/A       58%         2
 Call Canine Familiar     Summ           0%         N/A       82%         3
 Frozen Ramparts          Ice            0%         1d1       82%         3
 Mephitic Cloud           Conj/Pois/Air  0%         N/A       82%         3
 Summon Guardian Golem    Hex/Summ       0%         N/A       82%         3
 Petrify                  Tmut/Erth      0%         N/A       99%         4
 Freezing Cloud           Conj/Ice/Air   0%         6-21      100%        5
 Metabolic Englaciation   Hex/Ice        0%         N/A       100%        5


Dungeon Overview and Level Annotations

Branches:
Dungeon (2/15)

Altars:
Ashenzari


Innate Abilities, Weirdness & Mutations

You cannot wear most types of armour.
You are amphibious.
You can wear up to eight rings at the same time.
Your skin changes colour to match your surroundings (Stealth+).
Your rubbery body absorbs attacks. (AC +1, EV +1)
((You are camouflaged when in or above water. (Stealth+)))
You have tentacles for arms and can constrict up to eight enemies at once.


Message History

You now have 82 gold pieces (gained 3).
You see here a staff of death.
No target in view!
You open the door.
There is an open door here.
The helpless goblin fails to defend itself.
You hit the goblin. Your grab misses the goblin.
The goblin is moderately wounded.
You hit the withered plant.
The withered plant begins to crumble.
You hit the withered plant.
The withered plant begins to crumble.
You block the goblin's attack.
A goblin is nearby!
You barely miss the goblin. You grab the goblin.
You squeeze the goblin, but do no damage.
The goblin is moderately wounded.
You hit the withered plant. x2; You constrict the goblin.
You kill the goblin!
Done exploring.
No target in view!
Done exploring.
No target in view!
No target in view!
Done exploring.
No target in view!
Done exploring.
No target in view!
Done exploring.
Search for what [? for help]? alt The withered plant crumbles away.
You see here the +4 scale mail of Usihac {Fly rPois Int-4 Stlth+}.
There is a stone staircase leading up here.
There is an open door here.
There is a faded altar of an unknown god here.
This altar belongs to (a) Hepliaklqana, (b) Gozag or (c) Ashenzari, but you can't tell which.
Press the corresponding letter to learn more about a god, or press enter to convert or escape to cancel.
Okay, then.
This altar belongs to (a) Hepliaklqana, (b) Gozag or (c) Ashenzari, but you can't tell which.
Press the corresponding letter to learn more about a god, or press enter to convert or escape to cancel.
Ashenzari accepts your prayer! Ashenzari welcomes you!
Ashenzari warns you of distant threats and treasures.
Ashenzari shows you where magical portals lie.
Are you sure you want to abandon this character and quit the game? (Confirm with "yes".) #.....# #.# # ###'###.# ####.# # #P..)P#.# ##....# # #PPPPP#.###...###### #....P###........... #P.PPP#

#.#...###### ##PPP##
#.##.## ######### ##P##
#.##.# ........###### #@#
#.##.#
#######.##...###.#####.##.#
.............##.P.##...##.#
#######.##.###.....######.#
#.##...#P....######.#
#.##...#.....#......#
#.##...#P.P..########
#......###'###
##.....###..#


There were no monsters in sight!

Vanquished Creatures
  An adder (D:2)
  3 dart slugs
  A ball python (D:1)
  A bat (D:1)
  3 endoplasms
  2 giant cockroaches (D:1)
  4 goblins
  3 hobgoblins
  A kobold (D:1)
  8 frilled lizards
  4 rats
31 creatures vanquished.

Notes
Turn   | Place    | Note
-------+----------+-------------------------------------------
     0 | D:1      | Kurtz the Octopode Fighter began the quest for the Orb.
     0 | D:1      | Reached XP level 1. HP: 16/16 MP: 1/1
    57 | D:1      | Reached XP level 2. HP: 18/21 MP: 2/2
   284 | D:1      | Reached XP level 3. HP: 21/26 MP: 3/3
   611 | D:2      | Identified the +7 sling "Tiskagh" {flame, rPois rC- rN+
                  | Dex+3}
   768 | D:2      | Found a faded altar of an unknown god.
   838 | D:2      | Identified the +4 scale mail of Usihac {Fly rPois Int-4
                  | Stlth+}
  1190 | D:2      | Identified the +1 leather armour of Fun and Games {MP+9
                  | Str+3}
  1510 | D:2      | Prayed at the altar of an unknown god.
  1510 | D:2      | Became a worshipper of Ashenzari the Shackled
  1511 | D:2      | Quit the game

Illustrated notes

Levels and vault maps discovered:
D:1:      heliophobic_arrival_ceremonial_halls, layout_basic,
          serial_bayou_pond_b, minmay_lizard_pond
D:2:      layout_loops_ring, shapermc_ecumenical_altar_flowoftime

Skill      XL: |  1  2 |
---------------+-------+-----
Axes           | 3 |  3.9
Fighting       | |  3.0
Dodging        | |  3.0
Shields        | |  3.0

Action                     || total
---------------------------++-------
  Melee: War axe           ||    46
         Constrict         ||    11
         Tentacles         ||     6
         Punch             ||     1
   Stab: Sleeping          ||     5
 Armour: Skin              ||    19
  Dodge: Dodged            ||    24
  Block: Buckler           ||    11

Table legend: (Time is in decaauts)
 A = Elapsed time spent in this place.
 B = Non-inter-level travel time spent in this place.
 C = Inter-level travel time spent in this place.
 D = Time resting spent in this place.
 E = Time spent auto-exploring this place.
 F = Levels seen in this place.
 G = Mean time per level.
                   A        B        C        D        E       F      G
               +--------+--------+--------+--------+--------+-----+--------+
         Total |   1528 |   1405 |    123 |      0 |   1234 |   2 |  764.0 |
       Dungeon |   1528 |   1405 |    123 |      0 |   1234 |   2 |  764.0 |
               +--------+--------+--------+--------+--------+-----+--------+

Top non-repeatable levels by time:
     D:2: 920 daAuts
     D:1: 608 daAuts
